 Dungeon Crawl Stone Soup version 0.18.1-48-g4cf74bf (webtiles) character file.

287 Gargoyl the Skirmisher (level 6, 0/49 HPs)
             Began as a Demonspawn Abyssal Knight on Sept 9, 2016.
             Was a Believer of Lugonu.
             Killed by nerve-wracking pain
             ... invoked by Grinder
              (10 damage)
             ... on level 3 of the Dungeon.
             The game lasted 00:04:50 (2068 turns).

Gargoyl the Skirmisher (Demonspawn Abyssal Knight)  Turns: 2068, Time: 00:04:51

Health: 0/49       AC: 11    Str: 15    XL:     6   Next: 8%
Magic:  8/8        EV:  7    Int: 13    God:    Lugonu [**....]
Gold:   90         SH:  0    Dex: 14    Spells: 0 memorised, 5 levels left

rFire  . . .     SeeInvis .     a - +1 hand axe
rCold  + . .     Gourm    .     k - +0 chain mail
rNeg   . . .     Faith    .     (no shield)
rPois  .         Spirit   .     (no helmet)
rElec  .         Dismiss  .     e - +0 cloak
rCorr  +         Reflect  .     (no gloves)
SustAt .         Harm     .     (no boots)
MR     .....                    (no amulet)
Stlth  ..........               (no ring)
                                n - ring of resist corrosion

@: not resistant to hostile enchantments, extremely unstealthy
A: claws 1, icy blue scales 1, agile 1, cold resistance 1, spiny 1, wild magic
1, freezing cloud immunity
a: Depart the Abyss, Bend Space, Renounce Religion


You were on level 3 of the Dungeon.
You worshipped Lugonu.
Lugonu was pleased with you.
You were not hungry.

You visited 1 branch of the dungeon, and saw 3 of its levels.
You visited the Abyss 1 time.

You collected 90 gold pieces.

Inventory:

Hand Weapons
 a - a +1 hand axe (weapon)
Armour
 e - a +0 cloak (worn)
 k - a +0 chain mail (worn)
Jewellery
 n - a ring of resist corrosion (left claw)
Scrolls
 h - a scroll of remove curse
 i - 3 scrolls of teleportation
 m - a scroll of fog
Comestibles
 c - 4 bread rations
 d - 3 fruits


   Skills:
 + Level 4.6 Fighting
 + Level 2.4 Axes
 * Level 3.9 Armour
 + Level 2.0 Dodging
 + Level 2.9 Invocations


You had 5 spell levels left.
You didn't know any spells.

Dungeon Overview and Level Annotations

Branches:
Dungeon (3/15)

Altars:
Gozag
Makhleb
Okawaru

Annotations:
D:3 Grinder


Innate Abilities, Weirdness & Mutations

You are partially covered in icy blue scales (AC +1).
Your flesh is cold resistant.
You are partially covered in sharp spines.
You are immune to freezing clouds.
You have sharp fingernails.
You are agile. (Dex +2)
Your spells are a little harder to cast, but a little more powerful.


Message History

You suddenly lose the ability to move!
Grinder is struck by your spines. Grinder hits you.
* * * LOW HITPOINT WARNING * * *
You writhe in agony.
* * * LOW HITPOINT WARNING * * *
Grinder blinks!
Grinder says, "There's only one good use for a tongue: cutting it out."
You can move again.
You aren't carrying any potions.
You hit Grinder.
Grinder is heavily wounded.
Grinder hits you.
* * * LOW HITPOINT WARNING * * *
You writhe in agony.
* * * LOW HITPOINT WARNING * * *
You hit Grinder but do no damage.
Grinder is heavily wounded.
Grinder gestures at you. Pain shoots through your body!
You die...

#.# #.(..
#.# ..)....
#.# ####...
#.# ####
#.# # #.#
### # #.#
..# # #.#
#.# # #@#
#.# # #5#
#.# # #.#
.#.####.###
#..
......<....
###
.######.#..
#.##. #.##.
#.##. #.##.


You could see Grinder.

Vanquished Creatures
  A sky beast (D:3)
  2 orc priests (D:3)
  Jessica (D:2)
  Terence (D:2)
  3 adders
  3 dart slugs
  2 giant geckos (D:1)
  3 orcs (D:3)
  5 bats
  3 giant cockroaches
  7 goblins
  5 hobgoblins
  4 jackals (D:1)
  A quokka (D:2)
  5 giant newts
  3 kobolds
  2 rats
51 creatures vanquished.

Notes
Turn   | Place    | Note
--------------------------------------------------------------
     0 | Abyss:1  | Gargoyl the Demonspawn Abyssal Knight began the quest for the Orb.
     0 | Abyss:1  | Reached XP level 1. HP: 18/18 MP: 2/2
    22 | Abyss:1  | Found a corrupted altar of Lugonu.
    71 | Abyss:1  | Noticed a rakshasa
    72 | D:1      | Escaped the Abyss
   158 | D:1      | Reached * piety under Lugonu
   210 | D:1      | Gained mutation: Your flesh is cold resistant. [demonic ancestry]
   210 | D:1      | Reached XP level 2. HP: 24/24 MP: 3/3
   513 | D:1      | Gained mutation: You are partially covered in sharp spines. [demonic ancestry]
   513 | D:1      | Reached XP level 3. HP: 29/30 MP: 4/4
   753 | D:2      | Reached skill level 4 in Fighting
   895 | D:2      | Reached skill level 1 in Dodging
   957 | D:2      | Noticed Terence
   969 | D:2      | Killed Terence
   969 | D:2      | Reached XP level 4. HP: 23/37 MP: 4/6
  1116 | D:2      | Found a burning altar of Makhleb.
  1215 | D:2      | Noticed Jessica
  1222 | D:2      | Killed Jessica
  1273 | D:2      | Reached ** piety under Lugonu
  1436 | D:3      | Noticed a sky beast
  1446 | D:3      | Gained mutation: You have sharp fingernails. [potion of mutation]
  1446 | D:3      | Gained mutation: Your spells are a little harder to cast, but a little more powerful. [potion of mutation]
  1446 | D:3      | Gained mutation: You are agile. (Dex +2) [potion of mutation]
  1457 | D:3      | Killed a sky beast
  1457 | D:3      | Gained mutation: You are partially covered in icy blue scales (AC +1). [demonic ancestry]
  1457 | D:3      | Reached XP level 5. HP: 9/43 MP: 7/7
  1716 | D:3      | Gained mutation: You are immune to freezing clouds. [demonic ancestry]
  1716 | D:3      | Reached XP level 6. HP: 16/49 MP: 8/8
  1932 | D:3      | Found an iron altar of Okawaru.
  2006 | D:3      | Found an opulent altar of Gozag.
  2056 | D:3      | Noticed Grinder
  2062 | D:3      | Paralysed by Grinder for 4 turns
  2068 | D:3      | Killed from afar by Grinder

Skill      XL: |  1  2  3  4  5  6 |
---------------+-------------------+-----
Armour         | 2 3 |  3.9
Fighting       | 4 |  4.6
Dodging        | 1 2 |  2.0
Axes           | 2 |  2.4
Invocations    | |  2.9

Action                   |  1- 3 |  4- 6 || total
-------------------------+-------+-------++-------
Melee: Hand axe          |    70 |    51 ||   121
Invok: Depart the Abyss  |     1 |       ||     1
  Use: Scroll            |     2 |     2 ||     4
       Potion            |       |     3 ||     3
  Eat: Chunk             |       |     4 ||     4
Armor: Ring mail         |    32 |       ||    32
       Chain mail        |       |    19 ||    19
Dodge: Dodged            |    58 |     9 ||    67
